 Dungeon Crawl Stone Soup version 0.21.1-1-g345015f (webtiles) character file.

10892 FRamirez the Cleaver (level 11, -2/101 HPs)
             Began as a Minotaur Berserker on Feb 28, 2018.
             Was the Champion of Trog.
             Slain by a spiny frog (17 damage)
             ... on level 1 of the Lair of Beasts.
             The game lasted 01:12:18 (10334 turns).

FRamirez the Cleaver (Minotaur Berserker)          Turns: 10334, Time: 01:12:19

Health: -2/101     AC: 15    Str: 24    XL:     11   Next: 42%
Magic:  10/10      EV: 12    Int:  1    God:    Trog [******]
Gold:   299        SH:  0    Dex: 14    Spells: 10/10 levels left

rFire    x . .     SeeInvis .   I - +7 great sword of Popular Demand {slice, rC++ Int-3 Dex+3}
rCold    + + +     Gourm    .   (shield currently unavailable)
rNeg     . . .     Faith    .   w - +0 chain mail {rPois}
rPois    +         Spirit   .   (helmet restricted)
rElec    .         Reflect  .   (no cloak)
rCorr    .         Harm     .   d - +2 pair of gloves
MR       .....                  (no boots)
Stlth    ..........             (no amulet)
HPRegen  0.26/turn              o - ring of poison resistance
MPRegen  0.12/turn              n - ring of ice

@: berserk cooldown, slowed, very slow
A: retaliatory headbutt, horns 2
a: Berserk, Trog's Hand, Brothers in Arms, Burn Spellbooks, Renounce Religion


You were on level 1 of the Lair of Beasts.
You worshipped Trog.
Trog was exalted by your worship.
You were not hungry.

You visited 2 branches of the dungeon, and saw 11 of its levels.
You also visited: Sewer.

You collected 299 gold pieces.

Inventory:

Hand Weapons
 a - a +1 hand axe
 f - a +1 mace of crushing
 t - a +0 dire flail of pain
 u - a cursed -2 flail
 z - the +7 spear of Oozing Pus {pierce, *Rage rElec rPois rF+++}
   (You found it on level 8 of the Dungeon)

   It inflicts extra damage upon your enemies.
   It renders you almost immune to fire.
   It insulates you from electricity.
   It protects you from poison.
   It may make you go berserk in combat.
 B - a +0 battleaxe
 I - the +7 great sword of Popular Demand (weapon) {slice, rC++ Int-3 Dex+3}
   (Trog gifted it to you on level 1 of the Lair of Beasts)

   It inflicts extra damage upon your enemies.
   It affects your intelligence (-3).
   It affects your dexterity (+3).
   It greatly protects you from cold.
Missiles
 j - 5 javelins of returning (quivered)
 s - 8 steel javelins
Armour
 d - a +2 pair of gloves (worn)
 e - a +0 scale mail
 w - a +0 chain mail of poison resistance (worn)
 D - a +0 shield
Jewellery
 n - a ring of ice (right hand)
 o - a ring of poison resistance (left hand)
 C - an uncursed ring of positive energy {unknown}
 M - a cursed amulet of inaccuracy {unknown}
Wands
 g - a wand of flame (22)
 i - a wand of iceblast (1)
 y - a wand of acid (11)
 G - a wand of paralysis (8)
Scrolls
 l - 4 scrolls of enchant armour
 p - 2 scrolls of teleportation
 q - 2 scrolls of fear
 v - 2 scrolls of identify
 x - 2 scrolls of remove curse
 A - a scroll of blinking {unknown}
 E - 3 scrolls of noise {unknown}
 H - a scroll of brand weapon {unknown}
 K - a scroll of fog {unknown}
 L - a scroll of immolation {unknown}
Potions
 b - a potion of degeneration {unknown}
 h - 2 potions of magic
 k - 3 potions of agility
 m - 5 potions of heal wounds
 r - 2 potions of might
 F - a potion of flight {unknown}
 J - a potion of brilliance {unknown}
Comestibles
 c - 16 rations


   Skills:
 + Level 10.3 Fighting
 + Level 1.5 Long Blades
 + Level 13.8(14.0) Axes
 + Level 4.0(10.0) Polearms
 + Level 11.0 Armour
 + Level 5.9 Dodging
 + Level 1.8 Stealth
 + Level 0.8 Evocations


You had 10 spell levels left.
You didn't know any spells.

Dungeon Overview and Level Annotations

Branches:
Dungeon (10/15)            Temple (0/1) D:5            Lair (1/6) D:9
    Orc: D:9-12

Altars:
Elyvilon


Innate Abilities, Weirdness & Mutations

You reflexively headbutt those who attack you in melee.
You have a pair of horns on your head.


Message History

You slash the basilisk!
You kill the basilisk!
Trog accepts your kill.
Your Armour skill increases to level 11!
The hippogriff closely misses you. You furiously retaliate!
You headbutt the hippogriff.
You riposte.
You slice the hippogriff!!
You kill the hippogriff!
Trog accepts your kill.
Your Long Blades skill increases to level 1!
Unknown command.
Things that are here:
a basilisk corpse; a water moccasin corpse The spiny frog stings you but does no damage. x2
The spiny frog misses you.
You closely miss the spiny frog.
You headbutt the spiny frog, but do no damage.
The spiny frog stings you!! The spiny frog stings you!
* * * LOW HITPOINT WARNING * * *
The spiny frog stings you!
You die...

..... #.....###
......... #####
......... #...#
........#### #...#
..P........### #...#
..........†..###...#
.......F.†.........# ##
.......@...........####.
...............##......#
..###.......####........
................#####
..........P.......#
#......##...........#
.....#. .P......#...# #
..P..## ...(....(..#####
..#.....#....#..


You could see a spiny frog.

Vanquished Creatures
  3 death yaks (D:9)
  2 two-headed ogres
  An unseen horror (D:9)
  Pikel (D:6)
  2 gargoyles (D:10)
  A komodo dragon (Lair:1)
  A hippogriff (Lair:1)
  Sigmund (D:5)
  7 yaks (D:9)
  Grum (D:8)
  A basilisk (Lair:1)
  A hungry ghost (D:9)
  Edmund (D:6)
  4 water moccasins
  Duvessa (D:6)
  2 porcupines (Lair:1)
  2 orc warriors
  3 slaves (D:6)
  2 sky beasts
  3 ogres
  2 phantoms (D:6)
  2 wolves (D:8)
  2 centaurs
  2 big kobolds
  2 bullfrogs
  A scorpion (D:4)
  Dowan (D:6)
  3 killer bees (D:7)
  6 howler monkeys
  A crimson imp (D:7)
  A centaur skeleton (D:5)
  3 hounds (D:8)
  2 jellies
  3 orc priests
  2 iguanas
  A gnoll shaman (D:3)
  3 worker ants
  Ijyb (D:3)
  8 orc wizards
  A hell rat (D:9)
  3 hound skeletons
  A worker ant zombie (D:7)
  45 gnolls (D:3)
  12 adders
  5 river rats
  3 shadow imps
  An adder zombie (D:9)
  A worm (D:4)
  3 dart slugs
  5 leopard geckos
  37 orcs
  14 bats
  5 giant cockroaches
  5 goblins
  8 hobgoblins
  28 jackals
  8 quokkas
  7 ball pythons
  A ball python skeleton (D:4)
  10 frilled lizards
  17 kobolds
  24 rats
330 creatures vanquished.

Notes
Turn   | Place    | Note
-------+----------+-------------------------------------------
     0 | D:1      | FRamirez the Minotaur Berserker began the quest for the Orb.
     0 | D:1      | Reached XP level 1. HP: 19/19 MP: 0/0
   169 | D:1      | Reached XP level 2. HP: 26/27 MP: 1/1
   220 | D:1      | Reached skill level 4 in Axes
   609 | D:1      | Reached XP level 3. HP: 33/33 MP: 2/2
   620 | D:1      | Reached ** piety under Trog
  1344 | D:2      | You fall through a shaft!
  1373 | D:3      | Reached XP level 4. HP: 41/41 MP: 3/3
  1402 | D:3      | HP: 2/41 [jackal (3)]
  1405 | D:3      | Reached skill level 5 in Axes
  1470 | D:3      | Reached skill level 5 in Fighting
  1481 | D:3      | Noticed an ogre
  1746 | D:3      | Reached XP level 5. HP: 39/48 MP: 4/4
  1850 | D:3      | Noticed Ijyb
  1852 | D:3      | Reached *** piety under Trog
  1871 | D:3      | Killed Ijyb
  2366 | D:3      | Received a gift from Trog
  2513 | D:3      | Reached skill level 6 in Axes
  2517 | D:3      | Reached XP level 6. HP: 56/56 MP: 5/5
  2660 | D:3      | Reached skill level 7 in Axes
  2660 | D:3      | Reached XP level 7. HP: 46/62 MP: 6/6
  2833 | D:3      | Reached **** piety under Trog
  3377 | D:3      | Reached skill level 8 in Axes
  3959 | D:4      | Found a white marble altar of Elyvilon.
  4063 | D:4      | Found a glowing drain.
  4085 | D:4      | Reached XP level 8. HP: 71/71 MP: 7/7
  4095 | Sewer    | Entered a sewer
  4225 | Sewer    | Reached skill level 5 in Armour
  4571 | D:4      | Reached skill level 1 in Stealth
  4836 | D:5      | Entered Level 5 of the Dungeon
  4934 | D:5      | Noticed Sigmund
  4939 | D:5      | Reached ***** piety under Trog
  4946 | D:5      | Killed Sigmund
  4946 | D:5      | Reached skill level 9 in Axes
  5154 | D:5      | Found a staircase to the Ecumenical Temple.
  5370 | D:5      | Received a gift from Trog
  5842 | D:6      | Noticed Edmund
  5857 | D:6      | Killed Edmund
  6197 | D:6      | Noticed Dowan
  6204 | D:6      | Killed Dowan
  6204 | D:6      | Reached XP level 9. HP: 79/79 MP: 8/8
  6217 | D:6      | Noticed Duvessa
  6237 | D:6      | Killed Duvessa
  6237 | D:6      | Reached skill level 10 in Axes
  6579 | D:6      | Noticed Pikel
  6587 | D:6      | Killed Pikel
  6587 | D:6      | Reached skill level 5 in Dodging
  7427 | D:8      | Noticed Grum
  7448 | D:8      | Killed Grum
  7448 | D:8      | Reached skill level 11 in Axes
  7755 | D:8      | Got a twisted spear
  7756 | D:8      | Identified the +7 spear of Oozing Pus {pierce, *Rage rElec rPois rF+++} (You found it on level 8 of the Dungeon)
  7957 | D:8      | Noticed a two-headed ogre
  7966 | D:8      | Killed a two-headed ogre
  7966 | D:8      | Reached skill level 1 in Polearms
  7966 | D:8      | Reached XP level 10. HP: 90/90 MP: 9/9
  8802 | D:9      | Reached skill level 12 in Axes
  8869 | D:9      | Noticed a two-headed ogre
  8875 | D:9      | Killed a two-headed ogre
  8875 | D:9      | Reached skill level 10 in Armour
  8903 | D:10     | Entered Level 10 of the Dungeon
  9200 | D:10     | Noticed a gargoyle
  9203 | D:10     | Noticed a gargoyle
  9207 | D:10     | Killed a gargoyle
  9213 | D:10     | Killed a gargoyle
  9387 | D:9      | Killed an unseen horror
  9387 | D:9      | Reached XP level 11. HP: 21/99 MP: 10/10
  9704 | D:9      | Reached ****** piety under Trog
  9833 | D:9      | Noticed a death yak
  9835 | D:9      | Noticed a death yak
  9836 | D:9      | Noticed a death yak
  9842 | D:9      | Killed a death yak
  9842 | D:9      | Reached skill level 10 in Fighting
  9842 | D:9      | Reached skill level 13 in Axes
  9847 | D:9      | Killed a death yak
  9854 | D:9      | Killed a death yak
 10023 | D:9      | Found a staircase to the Lair.
 10188 | Lair:1   | Entered Level 1 of the Lair of Beasts
 10195 | Lair:1   | Received a gift from Trog
 10196 | Lair:1   | Got a faintly glowing great sword {god gift}
 10197 | Lair:1   | Identified the +7 great sword of Popular Demand {slice, rC++ Int-3 Dex+3} (Trog gifted it to you on level 1 of the Lair of Beasts)
 10330 | Lair:1   | Reached skill level 1 in Long Blades
 10334 | Lair:1   | Slain by a spiny frog

Skill      XL: |  1  2  3  4  5  6  7  8  9 10 11 |
---------------+----------------------------------+-----
Fighting       | 4 5 6 7 8 9 10 | 10.3
Axes           | 4 5 6 7 8 9 11 12 13 | 13.8
Armour         | 3 4 7 9 10 11 | 11.0
Dodging        | 3 4 5 |  5.9
Stealth        | 1 |  1.8
Polearms       | 1 4 |  4.0
Long Blades    | 1 |  1.5
Evocations     | |  0.8

Action                   |  1- 3 |  4- 6 |  7- 9 | 10-12 || total
-------------------------+-------+-------+-------+-------++-------
Melee: Hand axe          |    94 |   117 |   424 |       ||   635
       Headbutt          |     9 |    19 |    83 |    38 ||   149
       Spear             |       |       |    19 |    44 ||    63
       Battleaxe         |       |       |       |   110 ||   110
       Great sword       |       |       |       |    13 ||    13
Invok: Berserk           |       |     3 |     5 |     5 ||    13
       Burn Spellbooks   |       |       |       |     1 ||     1
Evoke: Wand              |       |     6 |       |     1 ||     7
  Use: Scroll            |       |     5 |     5 |       ||    10
       Potion            |       |     5 |     3 |       ||     8
  Eat: Chunk             |     1 |     4 |    21 |    12 ||    38
       Ration            |       |     1 |       |     1 ||     2
Armor: Leather armour    |    29 |     9 |       |       ||    38
       Skin              |       |    14 |       |       ||    14
       Scale mail        |       |    25 |    98 |       ||   123
       Chain mail        |       |       |    52 |   134 ||   186
Dodge: Dodged            |    68 |    87 |   226 |    90 ||   471
       Rpst.: Great sword |       |       |       |     4 ||     4
